 Dungeon Crawl Stone Soup version 0.32-a0-485-g70f7560b1c (webtiles) character file.

Game seed: 14675386975921072791

481 Ambrosia the Trooper (level 7, -2/54 HPs)
             Began as a Coglin Berserker on Feb 26, 2024.
             Was a Follower of Trog.
             Slain by an ogre
             ... wielding a +0 giant spiked club
              (35 damage)
             ... on level 5 of the Dungeon.
             The game lasted 00:05:49 (4440 turns).

Ambrosia the Trooper (Coglin Berserker)             Turns: 4440, Time: 00:05:50

Health: -2/54      AC:  5    Str: 17    XL:     7   Next: 12%
Magic:  7/7        EV: 13    Int:  6    God:    Trog [*.....]
Gold:   217        SH:  0    Dex: 16    Spells: 6/6 levels left

rFire   . . .        a - +3 falchion {Nenetl}
rCold   . . .        (no shield)
rNeg    . . .        n - +0 leather armour
rPois   .            i - +1 helmet
rElec   .            (no cloak)
rCorr   .            (no gloves)
SInv    .            (no boots)
Will    .....        (no amulet)
Stlth   +            (ring unavailable)
HPRegen 0.29/turn    (ring unavailable)
MPRegen 0.10/turn

%: no passive effects
@: marked, revving
A: off-hand wielding, slow wielding, warmup strikes, no rings
a: Renounce Religion, Berserk


You were on level 5 of the Dungeon.
You worshipped Trog.
Trog was aware of your devotion.
You visited 1 branch of the dungeon, and saw 5 of its levels.

You collected 217 gold pieces.


Innate Abilities, Weirdness & Mutations

You can wield a second weapon in your off-hand.
It takes a long time for you to wield or remove held weapons.
Your first few attacks do less damage.
Your grasper-arms cannot wear rings.


   Skills:
 + Level 4.1 Fighting
 + Level 4.1 Long Blades
 * Level 4.1 Armour
 * Level 4.1 Dodging


You had 6 spell levels left.
You didn't know any spells.
Your spell library contained the following spells:

 Spells                   Type           Power      Damage    Failure   Level
 Apportation              Tloc           0%         N/A       52%         1
 Call Imp                 Summ           0%         N/A       65%         2
 Jinxbite                 Hex            0%         N/A       65%         2
 Momentum Strike          Conj/Tloc      0%         3d8       65%         2
 Static Discharge         Conj/Air       0%         3-3/arc   65%         2
 Sublimation of Blood     Necr           0%         N/A       65%         2
 Dazzling Flash           Conj/Hex       0%         N/A       87%         3
 Mephitic Cloud           Conj/Alch/Air  0%         N/A       87%         3
 Stone Arrow              Conj/Erth      0%         3d7       87%         3
 Airstrike                Air            0%         2d(0-16)  99%         4
 Summon Lightning Spire   Summ/Air       0%         N/A       99%         4
 Alistair's Intoxication  Alch           0%         N/A       100%        5
 Curse of Agony           Necr           0%         N/A       100%        5
 Fireball                 Conj/Fire      0%         3d3       100%        5
 Silence                  Hex/Air        0%         N/A       100%        5
 Summon Hydra             Summ           0%         N/A       100%        7

Inventory:

Hand Weapons
 a - a +3 falchion (weapon) {Nenetl}
 m - a +0 morningstar {Kazuki}
   (You took it off an orc on level 3 of the Dungeon)
Missiles
 j - 2 poisoned darts
 q - a boomerang
Armour
 i - a +1 helmet (worn)
   (You found it on level 2 of the Dungeon)
 n - a +0 leather armour (worn)
   (You took it off an orc on level 3 of the Dungeon)
Wands
 f - a wand of mindburst (12)
   (You found it on level 2 of the Dungeon)
Scrolls
 k - a scroll of poison
Potions
 b - 2 potions of resistance {unknown}
 c - 4 potions of curing
 e - a potion of cancellation {unknown}
 g - a potion of heal wounds {unknown}
 h - 3 potions of attraction {unknown}
 l - a potion of berserk rage {unknown}
 o - a potion of brilliance {unknown}
 p - 3 potions of might {unknown}

Dungeon Overview and Level Annotations

Branches:
Dungeon (5/15) Zot: 25421
 Temple: D:4-7

Altars:
The Shining One

..#... ##.#... #....?.
.. #......## .>. #.
.......# .... #
.##.#[g..###.... ...
##...#.#.#g........
...(#..##....#..w....#
....#...>....##@S....#
...........g.gO.#.##.#
#..... #.......##.#
#.....##...<....#.##
...................#
.......†........#.##
.......).(........#
.......##.........#
.##.#.. ##........#


You could see an ogre, a gnoll sergeant, a ribbon worm, 3 gnolls and an adder.


Message History

Aim: a scorpion (severely wounded, about 33% to evade your +3 falchion)
You completely miss the scorpion.
You recover from your berserk rage.
The scorpion closely misses you. The adder bites you but does no damage.
The adder closely misses you.
A gnoll sergeant comes into view. It is wielding a +0 trident.
The scorpion stings you but does no damage.
Hit: a) +3 falchion {Nenetl}
Press: ? - help, Dir - move target, f/p - scorpion
Aim: a scorpion (severely wounded, about 33% to evade your +3 falchion)
You slash the scorpion!
You kill the scorpion!
Trog accepts your kill. The adder barely misses you.
The adder bites you but does no damage.
A ribbon worm comes into view.
The adder bites you but does no damage. The adder closely misses you.
You have reached level 7! 😕 HP[+6] MP[+1]
You now have 54 max hp (+6).
You regained 6 hp, and now have 50/54 hp.
Your mp is fully restored (7).
Unknown command.
Unknown command.
Hit: a) +3 falchion {Nenetl}
Press: ? - help, Dir - move target, f - adder
Aim: an adder (about 48% to evade your +3 falchion)
You slash the adder! The adder bites you. The adder barely misses you. 😕 HP[-3]
You take 3 damage, and now have 47/54 hp.
Unknown command.
Hit: a) +3 falchion {Nenetl}
Press: ? - help, Dir - move target, f/p - adder
Aim: an adder (severely wounded, about 48% to evade your +3 falchion)
You slash the adder!
You kill the adder!
Trog accepts your kill. The adder misses you.
The ribbon worm expels a string of sticky webbing.
The stream of webbing misses you.
The adder bites you but does no damage. 😕 HP[+1] Unknown command.
Hit: a) +3 falchion {Nenetl}
Press: ? - help, Dir - move target, f - adder
Aim: an adder (about 48% to evade your +3 falchion)
You closely miss the adder.
An ogre comes into view. It is wielding a +0 giant spiked club.
The adder closely misses you. The adder bites you but does no damage.
A gnoll comes into view. It is wielding a +0 halberd.
Okay, then.
Okay, then.
Okay, then.
Aiming: Mindburst
Press: ? - help, Shift-Dir - straight line, f - ogre, p - adder
Aim: an ogre, wielding a +0 giant spiked club (chance to affect: 64%)
The ogre's mind is blasted!
The adder misses you. The ogre closely misses you.
The adder closely misses you. 😕 HP[+1] Unknown command.
Unknown command.
Aiming: Mindburst
Press: ? - help, Shift-Dir - straight line, f/p - ogre
Aim: an ogre, wielding a +0 giant spiked club (heavily wounded, chance to affect: 64%)
The ogre struggles to resist.
The gnoll misses you. The adder barely misses you.
The ogre hits you with a +0 giant spiked club! 😕 HP[-7]
You take 7 damage, and now have 42/54 hp.
Unknown command.
Unknown command.
Aiming: Mindburst
Press: ? - help, Shift-Dir - straight line, f/p - ogre
Aim: an ogre, wielding a +0 giant spiked club (heavily wounded, chance to affect: 64%)
The ogre struggles to resist.
The adder barely misses you.
A gnoll comes into view. It is wielding a +0 flail.
A gnoll comes into view. It is wielding a +0 club.
The gnoll sergeant completely misses you.
The gnoll hits you from afar with a +0 halberd! 😮 HP[-10]
You take 10 damage, and now have 32/54 hp.
Unknown command.
Unknown command.
Okay, then.
Okay, then.
Okay, then.
Aiming: Mindburst
Press: ? - help, Q - select action, (/) - cycle Shift-Dir - straight line, f/p - ogre
Aim: an ogre, wielding a +0 giant spiked club (heavily wounded, chance to affect: 64%)
Okay, then.
Really fire
d - a throwing net {=f!f}?
Unknown command.
Throw: throwing net {=f!f}
Press: ? - help, Q - select action, (/) - cycle Shift-Dir - straight line, f/p - ogre
Aim: an ogre, wielding a +0 giant spiked club (heavily wounded, 74% to hit)
You throw a throwing net {=f!f}.
The throwing net {=f!f} barely misses the ogre.
The adder bites you but does no damage.
The ogre hits you with a +0 giant spiked club!!
Ouch! That really hurt!
You die...

Skill      XL: |  1  2  3  4  5  6 |
---------------+-------------------+-----
Armour         | 2 3 4 |  4.1
Dodging        | 2 3 4 |  4.1
Fighting       | 4 |  4.1
Long Blades    | 4 |  4.1

Action                     |  1- 3 |  4- 6 |  7- 9 || total
---------------------------+-------+-------+-------++-------
  Melee: Falchion          |   121 |    58 |     3 ||   182
         Morningstar       |       |    22 |       ||    22
  Throw: Throwing net      |       |       |     1 ||     1
 Invoke: Berserk           |     5 |     5 |       ||    10
  Evoke: Wand              |       |       |     3 ||     3
    Use: Scroll            |     7 |     4 |       ||    11
   Stab: Sleeping          |       |     1 |       ||     1
 Armour: Animal skin       |    79 |    15 |       ||    94
         Leather armour    |       |    21 |     7 ||    28
  Dodge: Dodged            |   110 |    36 |    11 ||   157

Levels and vault maps discovered:
D:1:      sevenhm_arrival_forest_fort_small_3, layout_basic,
          chequers_ecumenical_altar_island
D:2:      layout_basic
D:3:      layout_basic, tso_altar
D:4:      layout_basic, nicolae_hexahallways, uniq_eustachio
D:5:      layout_cave_pools, serial_shops, shop

Notes
Turn   | Place    | Note
-------+----------+-------------------------------------------
     0 | D:1      | Ambrosia the Coglin Berserker began the quest for the Orb.
     0 | D:1      | Reached XP level 1. HP: 18/18 MP: 1/1
     0 | D:1      | magus.rc [v1.11.6]
   133 | D:1      | Found a faded altar of an unknown god.
   235 | D:1      | Reached skill level 2 in Armour
   235 | D:1      | Reached skill level 2 in Dodging
   266 | D:1      | Reached XP level 2. HP: 18/24 MP: 2/2
  1045 | D:2      | Reached XP level 3. HP: 29/29 MP: 3/3
  2331 | D:3      | Reached XP level 4. HP: 35/35 MP: 4/4
  2525 | D:3      | You add the spells Call Imp, Sublimation of Blood and
                  | Summon Hydra to your library.
  2648 | D:3      | Found a glowing golden altar of the Shining One.
  2775 | D:3      | You add the spells Apportation, Jinxbite and Alistair's
                  | Intoxication to your library.
  2925 | D:3      | Reached skill level 3 in Armour
  2946 | D:3      | Reached skill level 3 in Dodging
  2952 | D:3      | Reached XP level 5. HP: 41/41 MP: 5/5
  3302 | D:4      | You add the spells Static Discharge, Momentum Strike, Stone
                  | Arrow and Fireball to your library.
  3302 | D:4      | Got the Quarto of Volatile Momentum {forbidden}
  3697 | D:4      | You add the spells Airstrike and Summon Lightning Spire to
                  | your library.
  3974 | D:4      | Noticed Eustachio
  3981 | D:4      | Killed Eustachio
  3982 | D:4      | Reached XP level 6. HP: 48/48 MP: 6/6
  4282 | D:4      | You add the spells Dazzling Flash, Mephitic Cloud, Curse of
                  | Agony and Silence to your library.
  4369 | D:5      | Entered Level 5 of the Dungeon
  4371 | D:5      | Noticed a black bear
  4379 | D:5      | Killed a black bear
  4380 | D:5      | Reached skill level 4 in Fighting
  4380 | D:5      | Reached skill level 4 in Long Blades
  4380 | D:5      | Reached skill level 4 in Armour
  4380 | D:5      | Reached skill level 4 in Dodging
  4433 | D:5      | Reached XP level 7. HP: 50/54 MP: 7/7
  4440 | D:5      | Slain by an ogre

Vanquished Creatures
  Eustachio (D:4)
  A black bear (D:5)
  A scorpion (D:5)
  3 bombardier beetles
  6 adders
  6 orcs
  8 ball pythons
  7 bats
  3 endoplasms
  A giant cockroach (D:2)
  9 goblins
  5 hobgoblins
  4 quokkas
  A frilled lizard (D:2)
  3 kobolds
  2 rats
61 creatures vanquished.

Table legend:
 A = Non-vault XP
 B = Vault XP
 C = Vault XP percentage of total XP
 D = Non-vault monster count
 E = Vault monster count
 F = Vault count percentage of total count
                 A         B        C        D         E       F
            +---------+---------+-------+---------+---------+-------
      Total |     506 |     182 |  26.5 |      60 |       1 |   1.6
            +---------+---------+-------+---------+---------+-------
        D:1 |      32 |       0 |   0.0 |      19 |       0 |   0.0
        D:2 |      48 |       0 |   0.0 |      16 |       0 |   0.0
        D:3 |      98 |       0 |   0.0 |      15 |       0 |   0.0
        D:4 |      95 |     182 |  65.7 |       5 |       1 |  16.7
        D:5 |     233 |       0 |   0.0 |       5 |       0 |   0.0
            +---------+---------+-------+---------+---------+-------

Skill      XL: |  1  2  3  4  5  6 |
---------------+-------------------+-----
Armour         | 2 3 4 |  4.1
Dodging        | 2 3 4 |  4.1
Fighting       | 4 |  4.1
Long Blades    | 4 |  4.1

Action                     |  1- 3 |  4- 6 |  7- 9 || total
---------------------------+-------+-------+-------++-------
  Melee: Falchion          |   121 |    58 |     3 ||   182
         Morningstar       |       |    22 |       ||    22
  Throw: Throwing net      |       |       |     1 ||     1
 Invoke: Berserk           |     5 |     5 |       ||    10
  Evoke: Wand              |       |       |     3 ||     3
    Use: Scroll            |     7 |     4 |       ||    11
   Stab: Sleeping          |       |     1 |       ||     1
 Armour: Animal skin       |    79 |    15 |       ||    94
         Leather armour    |       |    21 |     7 ||    28
  Dodge: Dodged            |   110 |    36 |    11 ||   157

Illustrated notes

Table legend:
 A = Kills in this place as a percentage of kills in the entire game.
 B = Kills by you in this place as a percentage of kills by you in the entire game.
 C = Kills by friends in this place as a percentage of kills by friends in the entire game.
 D = Other kills in this place as a percentage of other kills in the entire game.
 E = Experience gained in this place as a percentage of experience gained in the entire game.
 F = Experience gained in this place divided by the number of levels of this place that you have seen.
                   A       B       C       D       E      F
               +-------+-------+-------+-------+-------+----------------------
         Total | 100.0 | 100.0 |   N/A |   N/A | 100.0 | 137.6
       Dungeon | 100.0 | 100.0 |   N/A |   N/A | 100.0 | 137.6
               +-------+-------+-------+-------+-------+----------------------

Table legend: (Time is in decaauts)
 A = Elapsed time spent in this place.
 B = Non-inter-level travel time spent in this place.
 C = Inter-level travel time spent in this place.
 D = Time resting spent in this place.
 E = Time spent auto-exploring this place.
 F = Levels seen in this place.
 G = Mean time per level.
                   A        B        C        D        E       F      G
               +--------+--------+--------+--------+--------+-----+--------+
         Total |   4577 |   4486 |     91 |    740 |   3217 |   5 |  915.4 |
       Dungeon |   4577 |   4486 |     91 |    740 |   3217 |   5 |  915.4 |
               +--------+--------+--------+--------+--------+-----+--------+

Top non-repeatable levels by time:
     D:2: 1300 daAuts
     D:4: 1201 daAuts
     D:1: 1090 daAuts
     D:3: 897 daAuts
     D:5: 87 daAuts
